 Dungeon Crawl Stone Soup version 0.28.0 (webtiles) character file.

Game seed: 12442149522653361495

166 Akaron the Firebug (level 5, 0/31 HPs)
             Began as an Octopode Fire Elementalist on Feb 13, 2022.
             Slain by a gnoll (5 damage)
             ... on level 4 of the Dungeon.
             The game lasted 00:06:32 (3237 turns).

Akaron the Firebug (Octopode Fire Elementalist)     Turns: 3237, Time: 00:06:32

Health: 0/31       AC:  1    Str:  7    XL:     5   Next: 47%
Magic:  2/9        EV: 13    Int: 19    God:
Gold:   146        SH:  0    Dex: 13    Spells: 3/9 levels left

rFire   . . .      SeeInvis .   n - +3 trident (protect)
rCold   . . .      Faith    .   (no shield)
rNeg    . . .      Spirit   .   (helmet restricted)
rPois   .          Reflect  .   (no amulet)
rElec   .          Harm     .   (no ring)
rCorr   .          Rampage  .   (no ring)
Will    .....                   (no ring)
Stlth   +++.......              (no ring)
HPRegen 0.10/turn               (no ring)
MPRegen 0.11/turn               (no ring)
                                (no ring)
                                (no ring)

@: no status effects
A: almost no armour, amphibious, 8 rings, camouflage 1, gelatinous body 1,
(nimble swimmer 1), tentacles
a: no special abilities


You were on level 4 of the Dungeon.
You visited 1 branch of the dungeon, and saw 4 of its levels.

You collected 146 gold pieces.

Inventory:

Hand Weapons
 i - a +1 dagger of venom
 l - a +2 hand axe of flaming
 n - a +3 trident of protection (weapon)
Missiles
 d - 2 throwing nets
Magical Staves
 m - a staff of earth
Jewellery
 o - a ring of resist corrosion
Wands
 j - a wand of charming (2)
Scrolls
 a - 2 scrolls of teleportation {unknown}
 c - a scroll of fear {unknown}
 e - a scroll of immolation {unknown}
 g - a scroll of noise {unknown}
 k - a scroll of enchant weapon {unknown}
Potions
 b - a potion of brilliance {unknown}
 f - a potion of heal wounds {unknown}
 h - a potion of flight {unknown}


   Skills:
 + Level 2.3 Dodging
 - Level 2.6 Stealth
 + Level 2.9 Spellcasting
 + Level 2.2 Conjurations
 + Level 4.7 Fire Magic
 * Level 0.5 Earth Magic


You had 3 spell levels left.
You knew the following spells:

 Your Spells              Type           Power      Damage    Failure   Level
a - Foxfire               Conj/Fire      64%        2x1d7     3%          1
b - Scorch                Fire           40%        2d7       3%          2
c - Conjure Flame         Conj/Fire      16%        6-21      11%         3

Your spell library contained the following spells:

 Spells                   Type           Power      Damage    Failure   Level
 Inner Flame              Hex/Fire       11%        N/A       17%         3
 Stone Arrow              Conj/Erth      16%        3d8       26%         3
 Flame Wave               Conj/Fire      16%        2d6       36%         4
 Lehudib's Crystal Spear  Conj/Erth      4%         10d3      100%        8
 Animate Armour           Summ/Erth      Unusable   N/A       N/A         4

Dungeon Overview and Level Annotations

Branches:
Dungeon (4/15)
 Temple: D:4-7

Altars:
Sif Muna


Innate Abilities, Weirdness & Mutations

You cannot wear most types of armour.
You are amphibious.
You can wear up to eight rings at the same time.
Your skin changes colour to match your surroundings (Stealth+).
Your rubbery body absorbs attacks. (AC +1, EV +1)
((You are camouflaged when in or above water. (Stealth+)))
You have tentacles for arms and can constrict up to eight enemies at once.


Message History

The gnoll is heavily wounded.
The endoplasm jiggles.
You conjure some foxfire!
The foxfire hits the gnoll.
The gnoll is severely wounded.
The foxfire hits the gnoll.
You kill the gnoll!
The endoplasm jiggles.
The gnoll hits you from afar with a +0 spear.
You conjure some foxfire!
The foxfire hits the endoplasm.
The endoplasm is lightly wounded.
The foxfire hits the gnoll!
The gnoll is heavily wounded.
The gnoll shaman calls upon its god to heal the gnoll.
The gnoll is healed somewhat.
The gnoll barely misses you.
You conjure some foxfire!
The foxfire hits the gnoll.
The gnoll is heavily wounded.
The foxfire hits the gnoll.
The gnoll is almost dead.
The foxfire hits the endoplasm.
You kill the endoplasm!
The gnoll hits you from afar with a +0 spear.
You conjure some foxfire!
The foxfire hits the gnoll.
The gnoll is lightly wounded.
The gnoll misses you.
You conjure some foxfire!
The foxfire hits the gnoll.
The gnoll is moderately wounded.
The foxfire hits the gnoll shaman but does no damage.
The gnoll misses you. x2
The gnoll shaman hits you with a +0 club!
The gnoll hits you from afar with a +0 spear.
The foxfire hits the gnoll shaman!
The gnoll shaman is moderately wounded.
The foxfire hits the gnoll.
The gnoll is lightly wounded.
The gnoll misses you. The gnoll hits you with a +0 club.
* * * LOW HITPOINT WARNING * * *
The gnoll hits you from afar with a +0 spear.
* * * LOW HITPOINT WARNING * * *
The gnoll hits you from afar with a +0 spear.
You die...

........##
#........##
#.........###
#...........##
#............##
#....)gg......#
#...gg........
#...g@§......
##....§......
##.........#
###......##
#....### ..##..
### ###


You could see a gnoll shaman and 4 gnolls.

Vanquished Creatures
  Jessica (D:2)
  Terence (D:3)
  Robin (D:2)
  3 adders (D:2)
  A gnoll (D:4)
  2 worms
  8 orcs (D:3)
  2 endoplasms
  15 goblins
  3 hobgoblins
  A quokka (D:1)
  4 ball pythons
  3 bats
  2 frilled lizards (D:2)
  4 kobolds
  5 rats
56 creatures vanquished.

Vanquished Creatures (others)
  158 foxfires
158 creatures vanquished.

Grand Total: 214 creatures vanquished

Notes
Turn   | Place    | Note
-------+----------+-------------------------------------------
     0 | D:1      | Akaron the Octopode Fire Elementalist began the quest for
                  | the Orb.
     0 | D:1      | Reached XP level 1. HP: 11/11 MP: 3/3
   352 | D:1      | Reached XP level 2. HP: 17/17 MP: 0/5
   355 | D:1      | Learned a level 2 spell: Scorch
   520 | D:1      | Found a faded altar of an unknown god.
   860 | D:2      | Noticed Robin
   992 | D:2      | Reached XP level 3. HP: 21/21 MP: 2/6
   996 | D:2      | Learned a level 3 spell: Conjure Flame
  1079 | D:2      | Noticed Jessica
  1082 | D:2      | Killed Jessica
  1083 | D:2      | Reached skill level 4 in Fire Magic
  1136 | D:2      | Reached XP level 4. HP: 27/27 MP: 5/7
  1742 | D:2      | Killed Robin
  2272 | D:3      | Reached XP level 5. HP: 29/31 MP: 6/9
  2371 | D:3      | Found a shimmering blue altar of Sif Muna.
  2736 | D:3      | Noticed Terence
  2773 | D:3      | Killed Terence
  3237 | D:4      | Slain by a gnoll

Illustrated notes

Levels and vault maps discovered:
D:1:      dpeg_arrival_shelter, layout_loops_cross,
          hellmonk_ecumenical_altar_heavens_door
D:2:      layout_loops_cross, uniq_jessica, uniq_robin
D:3:      layout_loops_ring, led_sif_pool, uniq_terence
D:4:      layout_cave_pods, serial_shops, nicolae_shop_advertising_works
          [nicolae_subvault_shop_adworks]

Skill      XL: |  1  2  3  4 |
---------------+-------------+-----
Fire Magic     | 4 |  4.7
Conjurations   | 2 |  2.2
Dodging        | |  2.3
Stealth        | |  2.6
Spellcasting   | |  2.9
Earth Magic    | |  0.5

Action                   |  1- 3 |  4- 6 || total
-------------------------+-------+-------++-------
Melee: Dagger            |       |     4 ||     4
       Constrict         |       |     1 ||     1
 Cast: Foxfire           |    38 |    62 ||   100
       Scorch            |       |     7 ||     7
Armor: Skin              |     2 |     1 ||     3
Dodge: Dodged            |     3 |    28 ||    31
